 Dungeon Crawl Stone Soup version 0.29.1-12-g30fa7ad0bf (webtiles) character file.

Game seed: 2611962491682121173

508 Linkola the Magician (level 6, -9/32 HPs)
             Began as a Deep Elf Air Elementalist on Dec 23, 2022.
             Killed by divine providence
             ... invoked by an orc priest
              (15 damage)
             ... on level 5 of the Dungeon.
             The game lasted 00:14:32 (5573 turns).

Linkola the Magician (Deep Elf Air Elementalist)    Turns: 5573, Time: 00:14:32

Health: -9/32      AC:  4    Str:  5    XL:     6   Next: 98%
Magic:  2/16       EV: 13    Int: 22    God:
Gold:   202        SH:  5    Dex: 15    Spells: 3/16 levels left

rFire   . . .      SeeInvis .   g - +2 dagger (flame)
rCold   . . .      Faith    .   (no shield)
rNeg    . . .      Spirit   .   a - +0 robe
rPois   .          Reflect  +   (no helmet)
rElec   .          Harm     .   (no cloak)
rCorr   .          Rampage  .   j - +1 pair of gloves
Will    .....                   (no boots)
Stlth   ++........              h - amulet of reflection
HPRegen 0.10/turn               c - +4 ring of slaying
MPRegen 0.15/turn               (no ring)

@: no status effects
A: no striking features
a: no special abilities


You were on level 5 of the Dungeon.
You visited 1 branch of the dungeon, and saw 5 of its levels.

You collected 202 gold pieces.

Inventory:

Hand Weapons
 g - a +2 dagger of flaming (weapon)
Armour
 a - a +0 robe (worn)
 j - a +1 pair of gloves (worn)
Jewellery
 c - a +4 ring of slaying (left hand)
 h - an amulet of reflection (around neck)
Wands
 m - a wand of iceblast (12)
Scrolls
 d - a scroll of teleportation
 l - a scroll of poison
 n - a scroll of fog
Potions
 b - 3 potions of magic
 e - 2 potions of brilliance {unknown}
 f - 2 potions of might
 i - a potion of attraction {unknown}
 k - 2 potions of heal wounds {unknown}


   Skills:
 + Level 2.9 Dodging
 + Level 3.6 Stealth
 + Level 5.5 Spellcasting
 + Level 3.3 Conjurations
 + Level 1.1 Hexes
 * Level 3.3 Summonings
 + Level 4.4 Air Magic
 * Level 0.9 Evocations


You had 3 spell levels left.
You knew the following spells:

 Your Spells              Type           Power      Damage    Failure   Level
a - Shock                 Conj/Air       92%        1d8       1%          1
b - Static Discharge      Conj/Air       23%        3-6/arc   3%          2
c - Swiftness             Air            25%        N/A       4%          3
d - Airstrike             Air            12%        2d(2-18)  16%         4
e - Call Canine Familiar  Summ           20%        N/A       7%          3

Your spell library contained the following spells:

 Spells                   Type           Power      Damage    Failure   Level
 Sandblast                Erth           12%        2d6       10%         1
 Passwall                 Tmut/Erth      5%         N/A       14%         2
 Stone Arrow              Conj/Erth      26%        3d8       14%         3
 Portal Projectile        Hex/Tloc       16%        N/A       22%         3
 Leda's Liquefaction      Hex/Erth       4%         N/A       58%         4


Dungeon Overview and Level Annotations

Branches:
Dungeon (5/15)
 Temple: D:4-7

Altars:
Gozag
Ru
The Shining One

Shops:
D:4 *


Message History

Casting: Shock (safe; 1% risk of failure)
Confirm with . or Enter, or press ? or * to list all spells.
The air crackles with electrical energy.
The orc priest invokes the aid of Beogh against you.
Pain shoots through your body! The orc barely misses you.
The orc closely misses you. The orc attacks as you move away!
The orc closely misses you.
The orc priest invokes the aid of Beogh against you.
Beogh smites you!
* * * LOW HITPOINT WARNING * * *
The orc attacks as you move away! The orc barely misses you.
Aiming: Shock (safe; 1% risk of failure)
Press: ? - help, Q - select action, (/) - cycle Shift-Dir - straight line, f/p - ogre
Aim: an ogre, wielding a +0 giant club (moderately wounded, 88% to hit)
The zap hits the orc.
The orc resists.
The orc is heavily wounded.
The zap hits the ufetubus.
The ufetubus is moderately wounded.
The zap hits the ogre!
The ogre is heavily wounded.
The zap hits the ogre!
The ogre is severely wounded.
The orc barely misses you.
A phantom comes into view.
The orc closely misses you.
The phantom is sucked into a shaft!
The shaft crumbles and collapses.
The orc attacks as you move away! The orc closely misses you.
The orc attacks as you move away! The orc hits you with a +0 flail.
* * * LOW HITPOINT WARNING * * *
Found a rapier.
The orc attacks as you move away! The orc hits you with a +0 flail.
* * * LOW HITPOINT WARNING * * *
Found 19 gold pieces.
Found a scroll of identify.
The orc attacks as you move away! You block the orc's attack.
The orc attacks as you move away! You block the orc's attack.
The orc attacks as you move away! The orc misses you.
Found a book of Callings.
The orc priest calls down the wrath of Beogh upon you.
Beogh smites you!
You die...

# #.###..#.......#
###......#......#####
.....#.#.o......)...####
.......###..............
.(...#####..O....##.....
.......#.........#......
................##......
..............o5........
...[............@.......
.............#...$......
............######.##..#
...#.......# ?.. ## #...
.###. #.. ... # .... ..
... :.


You could see an ogre, an orc priest, an orc (resistant) and an ufetubus.

Vanquished Creatures
  An ice beast (D:5)
  2 black bears
  A scorpion (D:4)
  A howler monkey (D:5)
  6 adders
  An ufetubus (D:4)
  A worm (D:3)
  A dart slug (D:3)
  An orc (D:5)
  4 bats
  7 endoplasms
  4 giant cockroaches
  3 goblins
  8 hobgoblins
  9 kobolds
  3 quokkas
  13 ball pythons
  4 frilled lizards
  7 rats
77 creatures vanquished.

Vanquished Creatures (others)
  34 plants (D:2)
  2 withered plants (D:1)
36 creatures vanquished.

Grand Total: 113 creatures vanquished

Notes
Turn   | Place    | Note
-------+----------+-------------------------------------------
     0 | D:1      | Linkola the Deep Elf Air Elementalist began the quest for
                  | the Orb.
     0 | D:1      | Reached XP level 1. HP: 10/10 MP: 6/6
   118 | D:1      | Reached skill level 1 in Hexes
   331 | D:1      | Reached XP level 2. HP: 15/15 MP: 5/8
   334 | D:1      | Learned a level 2 spell: Static Discharge
   854 | D:1      | Found a faded altar of an unknown god.
  1263 | D:2      | Reached skill level 1 in Summonings
  1263 | D:2      | Reached XP level 3. HP: 16/19 MP: 1/9
  1273 | D:2      | Learned a level 3 spell: Swiftness
  2194 | D:2      | You fall into a shaft and drop 1 floor!
  3083 | D:3      | Reached XP level 4. HP: 18/24 MP: 4/11
  3088 | D:3      | Learned a level 4 spell: Airstrike
  4097 | D:4      | Noticed a scorpion
  4102 | D:4      | Killed a scorpion
  4103 | D:4      | Reached skill level 4 in Spellcasting
  4103 | D:4      | Reached XP level 5. HP: 7/28 MP: 1/13
  4502 | D:4      | Found an opulent altar of Gozag.
  4537 | D:4      | Noticed a black bear
  4544 | D:4      | Killed a black bear
  4880 | D:4      | Found a sacrificial altar of Ru.
  4927 | D:4      | Reached XP level 6. HP: 32/32 MP: 11/15
  4931 | D:4      | Learned a level 3 spell: Call Canine Familiar
  5042 | D:4      | Found Kasilisu's CLEARANCE SALE!.
  5098 | D:4      | Found a glowing golden altar of the Shining One.
  5402 | D:5      | Entered Level 5 of the Dungeon
  5402 | D:5      | Noticed an ice beast
  5411 | D:5      | Killed an ice beast
  5412 | D:5      | Reached skill level 5 in Spellcasting
  5573 | D:5      | Killed from afar by an orc priest

Illustrated notes

Levels and vault maps discovered:
D:1:      amcnicky_arrival_choice, layout_basic,
          ebering_ecumenical_altar_petrified
D:2:      layout_basic, minivault_26, serial_bayou_lake_a
D:3:      layout_basic
D:4:      layout_loops_ring, nicolae_overflow_crystal_walls,
          mainiacjoe_overflow_alcove_1, mainiacjoe_overflow_paths,
          nicolae_shop_clearance
D:5:      layout_rooms, yredelemnul_altar_generic, corexii_leaking_fountain,
          nrook_mini_vaults, uniq_edmund

Skill      XL: |  1  2  3  4  5  6 |
---------------+-------------------+-----
Hexes          | 1 |  1.1
Summonings     | 1 2 3 |  3.3
Conjurations   | 2 3 |  3.3
Stealth        | 3 |  3.6
Spellcasting   | 4 5 |  5.5
Air Magic      | 4 |  4.4
Dodging        | |  2.9
Evocations     | |  0.9

Action                   |  1- 3 |  4- 6 || total
-------------------------+-------+-------++-------
Melee: Unarmed           |     3 |       ||     3
       Flail             |     6 |       ||     6
       Dagger            |   101 |       ||   101
 Cast: Shock             |    86 |    53 ||   139
       Static Discharge  |     9 |    17 ||    26
       Airstrike         |       |     2 ||     2
       Call Canine Famil |       |     1 ||     1
  Use: Scroll            |     9 |     3 ||    12
Armor: Robe              |     5 |     3 ||     8
Dodge: Dodged            |     8 |    14 ||    22
Block: Other             |       |     9 ||     9
